 Dungeon Sprint DCSS version 0.28-a0-224-g76b539d98b (webtiles) character file.

Game seed: 7645727517785289812

45656 MikeHunt the Imperceptible (level 14, 0/109 HPs)
             Began as a Kobold Brigand on Aug 21, 2021.
             Was an Initiate of Gozag.
             Killed from afar by a green death (30 damage)
             ... with a bolt of poison
             ... in the Dungeon (Sprint VII: "The Pits").
             The game lasted 00:46:07 (7066 turns).

MikeHunt the Imperceptible (Kobold Brigand)         Turns: 7066, Time: 00:46:08

Health: 0/109      AC: 25    Str: 12    XL:     14   Next: 72%
Magic:  24/24      EV: 22    Int: 18    God:    Gozag
Gold:   1963       SH: 13    Dex: 17    Spells: 16/27 levels left

rFire   . . .      SeeInvis +   b - +2 scimitar (elec)
rCold   . . .      Faith    .   c - +0 kite shield
rNeg    . . .      Spirit   .   x - +5 ring mail
rPois   .          Reflect  .   M - +0 helmet {Int+3}
rElec   .          Harm     .   m - scarf {repulsion}
rCorr   .          Rampage  +   D - +1 pair of gloves "Yplyutu" {Int+2 SInv Stlth+}
Will    +....      NoTele   +   N - +0 pair of boots {rampage}
Stlth   ++++++++++              C - amulet of Vitality {Regen+ HP+15}
HPRegen 1.28/turn               n - ring of the Tortoise {AC+8}
MPRegen 0.19/turn               t - +3 ring of evasion

@: lethally poisoned (0 -> -13), gold aura, studying Axes, repel missiles
A: small, no large weapons, nightstalker 3
a: Renounce Religion, Potion Petition, Call Merchant, Bribe Branch


You were in the Dungeon.
You worshipped Gozag.
Gozag was most pleased with you.
You visited 1 branch You collected 11511 gold pieces.
You spent 4303 gold pieces at shops.
You paid 5245 gold pieces to Gozag.

Inventory:

Hand Weapons
 a - a +2 rapier of venom
 b - a +2 scimitar of electrocution (weapon)
 k - the +1 long sword of Hard Scrabble {vorpal, Str+7}
   (You bought it in a shop in the Dungeon)

   It inflicts extra damage upon your enemies.
   Str:       It affects your strength (+7).
 K - the +9 heavy crossbow "Sniper" {vorpal, Acc+∞ SInv}
   (You found it in the Dungeon)

   Any ammunition fired from it inflicts extra damage upon your enemies.
   Any ammunition fired from it never misses its target.
   SInv:      It lets you see invisible.
 L - a +0 long sword of holy wrath
Missiles
 d - 7 poisoned darts
 g - 11 boomerangs
 h - a curare-tipped dart (quivered)
Armour
 c - a +0 kite shield (worn)
 m - a scarf of repulsion (worn)
 x - a +5 ring mail (worn)
 D - the +1 pair of gloves "Yplyutu" (worn) {Int+2 SInv Stlth+}
   (You bought it in a shop in the Dungeon)

   Int:       It affects your intelligence (+2).
   SInv:      It lets you see invisible.
   Stlth:     It makes you more stealthy.
 E - the +2 cloak of the Equator {rPois}
   (You bought it in a shop in the Dungeon)

   rPois:     It protects you from poison.
 M - a +0 helmet of intelligence (worn)
 N - a +0 pair of boots of rampaging (worn)
Jewellery
 e - a +3 ring of strength
 l - a +6 ring of strength
 n - the ring of the Tortoise (left hand) {AC+8}
   (You bought it in a shop in the Dungeon)

   [ring of protection]

   AC:        It affects your AC (+8).
 o - an amulet of magic regeneration
 r - an amulet of reflection
 t - a +3 ring of evasion (right hand)
 C - the amulet of Vitality (around neck) {Regen+ HP+15}
   (You bought it in a shop in the Dungeon)

   [amulet of regeneration]

   HP:        It affects your health (+15).
   Regen:     It increases your rate of health regeneration.
 I - a ring of resist corrosion
 J - a ring of positive energy
Wands
 A - a wand of flame (7)
 H - a wand of iceblast (12)
Scrolls
 j - 3 scrolls of vulnerability
 B - 2 scrolls of identify
 F - 4 scrolls of fog
Potions
 f - 7 potions of curing
 i - 4 potions of magic
 u - a potion of mutation
 v - a potion of lignification {unknown}
 w - 5 potions of brilliance
 G - a potion of might
Miscellaneous
 p - a box of beasts
 y - a phial of floods


   Skills:
 - Level 13.2 Fighting
 - Level 13.9(17.9) Short Blades
 - Level 12.9(14.0) Long Blades
 - Level 6.3 Throwing
 - Level 10.5 Armour
 - Level 14.1 Dodging
 - Level 22.7 Stealth
 + Level 11.8 Shields
 - Level 7.2 Spellcasting
 - Level 7.2 Hexes
 - Level 7.1 Translocations
 - Level 7.2 Ice Magic
 - Level 10.0 Evocations


You had 16 spell levels left.
You knew the following spells:

 Your Spells              Type           Power      Damage    Failure   Level
a - Lesser Beckoning      Tloc           16%        N/A       8%          3
d - Frozen Ramparts       Ice            64%        1d8       7%          3
e - Ensorcelled Hibernat  Hex/Ice        64%        N/A       3%          2
r - Tukima's Dance        Hex            32%        N/A       7%          3

Your spell library contained the following spells:

 Spells                   Type           Power      Damage    Failure   Level
 Corona                   Hex            35%        N/A       2%          1
 Gell's Gravitas          Tloc           16%        N/A       8%          3
 Teleport Other           Tloc           32%        N/A       8%          3
 Ice Form                 Ice/Tmut       19%        N/A       71%         4
 Summon Ice Beast         Ice/Summ       19%        N/A       71%         4


Dungeon Overview and Level Annotations

Branches:
Dungeon (1/1)

Altars:
Ashenzari
Cheibriados
Dithmenos
Elyvilon
Fedhas
Gozag
Hepliaklqana
Kikubaaqudgha
Makhleb
Nemelex Xobeh
Okawaru
Qazlal
Ru
Sif Muna
Trog
Uskayaw
Vehumet
Wu Jian
Xom
Yredelemnul
Zin
The Shining One
Beogh
Jiyva
Lugonu

Shops:
D =[[?(


Innate Abilities, Weirdness & Mutations

You are small and have problems with some larger weapons.
You are completely attuned to the shadows.


Message History

You closely miss the green death.
The green death is moderately wounded.
The green death gestures at you. The poison arrow hits you!!!
You are poisoned.
You are too injured to fight recklessly!
You are too injured to fight recklessly!
You are too injured to fight recklessly!
You slash the green death!
Lightning courses through the green death!
The green death is heavily wounded.
You feel very sick. The green death hits you.
You barely miss the green death.
The green death is heavily wounded.
You feel very sick. The green death hits you!
You hit the green death.
The green death is severely wounded.
You feel very sick. The green death misses you.
You hit the green death but do no damage.
The green death is severely wounded.
You feel sick.
You hit the green death but do no damage.
The green death is severely wounded.
You feel very sick.
The green death hits you but does no damage.
You hit the green death.
The green death is severely wounded.
You feel sick.
The green death hits you but does no damage.
You barely miss the green death.
The green death is severely wounded.
You feel sick. The green death gestures at you. The bolt of poison hits you!!
You are more poisoned.
You die...
Your body crumbles into a pile of gold.

,,,,,,,,,,,*,,,,,*,,,,,,*,,*#....
,,,,,,,,,,,*,,,,,*,,,,,,*,,*#....
,,,,,*,,,,,,,,*,,,,,,,,,*,,++..#.
,,,,,*,,,,,,,,*,,,,,,,,,*,,++....
****************************#....
******#######################..#.
,,,$,*#...................(''[...
$,$,,*#........)2.........[''....
$,,,,*#..#######@########.[##..#.
$,,,,*#..##.#.#)#)#.#.#.#..##...p
,,,,,*#..#.#.#.#)#.#.#.##..##....
,,$,,*#..##.#.#.#.#)#)#p#..####''
,,,$,*#..#.#.#.#.#.#.#.##..####''
,,,,$*#..##.#.#.#.#.#.#.#..##....
******#..################..##.#'#
#######....................##.#..
____.##...........[........##.'))


You could see a green death.

Vanquished Creatures
  A death cob (D)
  Donald (D)
  A nagaraja (D)
  A ghost moth (D)
  An orc warlord (D)
  A vampire knight (D)
  A green draconian (D)
  2 eidola (D)
  A merfolk impaler (D)
  A mummy priest (D)
  A fire dragon (D)
  4 vault guards (D)
  Erolcha (D)
  2 rakshasas (D)
  An alligator snapping turtle (D)
  2 death knights (D)
  A merfolk avatar (D)
  A death yak (D)
  A deep elf knight (D)
  Urug (D)
  Sonja (D)
  A shadow wraith (D)
  3 skeletal warriors (D)
  2 flayed ghosts (D)
  2 swamp dragons (D)
  A spriggan druid (D)
  10 orc knights (D)
  A phantasmal warrior (D)
  A manticore (D)
  A deep elf pyromancer (D)
  An orc sorcerer (D)
  2 elephants (D)
  A merfolk siren (D)
  A gargoyle (D)
  A guardian serpent (D)
  3 orange demons (D)
  2 unseen horrors (D)
  A yaktaur (D)
  A freezing wraith (D)
  A rime drake (D)
  A komodo dragon (D)
  2 ice devils (D)
  A troll (D)
  3 merfolk (D)
  A red devil (D)
  5 dream sheep (D)
  5 blink frogs (D)
  A wind drake (D)
  2 hornets (D)
  4 slime creatures (D)
  A snapping turtle (D)
  A redback (D)
  Sigmund (D)
  2 vampires (D)
  A spriggan (D)
  2 flying skulls (D)
  2 air elementals (D)
  A wraith (D)
  2 basilisks (D)
  2 small abominations (D)
  A hell hound (D)
  A black bear (D)
  2 orc warriors (D)
  An ogre (D)
  A centaur (D)
  7 wolves (D)
  2 kobold brigands (D)
  A gnoll sergeant (D)
  3 bullfrogs (D)
  A scorpion (D)
  4 killer bees (D)
  2 hounds (D)
  2 orc priests (D)
  Terence (D)
  4 orc wizards (D)
  An adder (D)
  3 gnolls (D)
  A river rat (D)
  An adder skeleton (D)
  12 orcs (D)
  A bat skeleton (D)
  An endoplasm (D)
  2 goblins (D)
  A hobgoblin (D)
  A kobold (D)
  A ball python (D)
  A ball python simulacrum (D)
  A ball python zombie (D)
  A frilled lizard (D)
  A jackal skeleton (D)
  A rat (D)
166 creatures vanquished.

Vanquished Creatures (others)
  A dancing weapon (D)
1 creature vanquished.

Grand Total: 167 creatures vanquished

Notes
Turn   | Place    | Note
-------+----------+-------------------------------------------
     0 | D        | MikeHunt the Kobold Brigand began the quest for the Orb.
     0 | D        | Reached XP level 1. HP: 12/12 MP: 1/1
    14 | D        | Found a bloodstained altar of Trog.
    14 | D        | Found a shimmering blue altar of Sif Muna.
    14 | D        | Found a viscous altar of Jiyva.
    14 | D        | Found a hazy altar of Hepliaklqana.
    14 | D        | Found an opulent altar of Gozag.
    15 | D        | Found a glowing golden altar of the Shining One.
    15 | D        | Found a glowing silver altar of Zin.
    15 | D        | Found a sacrificial altar of Ru.
    15 | D        | Found a stormy altar of Qazlal.
    15 | D        | Found a blossoming altar of Fedhas.
    16 | D        | Found a basalt altar of Yredelemnul.
    16 | D        | Found an iron altar of Okawaru.
    16 | D        | Found a white marble altar of Elyvilon.
    17 | D        | Found a shimmering altar of Xom.
    17 | D        | Found a sparkling altar of Nemelex Xobeh.
    17 | D        | Found a shadowy altar of Dithmenos.
    18 | D        | Found an ornate altar of the Wu Jian Council.
    18 | D        | Found a burning altar of Makhleb.
    18 | D        | Found a snail-covered altar of Cheibriados.
    19 | D        | Found a radiant altar of Vehumet.
    19 | D        | Found a corrupted altar of Lugonu.
    20 | D        | Found a hide-covered altar of Uskayaw.
    20 | D        | Found an ancient bone altar of Kikubaaqudgha.
    20 | D        | Found a broken altar of Ashenzari.
    25 | D        | Became a worshipper of Gozag Ym Sagoz the Greedy
    78 | D        | Reached skill level 6 in Stealth
   157 | D        | Reached XP level 2. HP: 17/17 MP: 2/2
   237 | D        | Reached skill level 5 in Short Blades
   237 | D        | Reached skill level 7 in Stealth
   308 | D        | Noticed a vampire knight
   340 | D        | Noticed a kobold brigand
   343 | D        | Noticed a bullfrog
   344 | D        | Killed a kobold brigand
   345 | D        | Reached skill level 9 in Stealth
   345 | D        | Reached XP level 3. HP: 21/21 MP: 3/3
   345 | D        | Reached XP level 4. HP: 26/26 MP: 4/4
   346 | D        | Reached skill level 5 in Throwing
   346 | D        | Reached XP level 5. HP: 30/30 MP: 5/5
   362 | D        | Killed a bullfrog
   363 | D        | Reached skill level 10 in Stealth
   384 | D        | Noticed Sigmund
   407 | D        | Killed Sigmund
   408 | D        | Reached skill level 5 in Fighting
   408 | D        | Reached skill level 5 in Dodging
   408 | D        | Reached skill level 12 in Stealth
   408 | D        | Reached XP level 6. HP: 40/40 MP: 6/6
   510 | D        | Reached XP level 7. HP: 38/46 MP: 7/7
   579 | D        | Reached skill level 13 in Stealth
   601 | D        | Killed an unseen horror
   602 | D        | Reached skill level 14 in Stealth
   602 | D        | Reached XP level 8. HP: 47/54 MP: 8/8
   604 | D        | Noticed Terence
   620 | D        | Killed Terence
   653 | D        | Noticed a merfolk siren
   685 | D        | Killed a merfolk siren
   686 | D        | Reached skill level 10 in Dodging
   686 | D        | Reached skill level 15 in Stealth
   969 | D        | Noticed a flayed ghost
   972 | D        | Killed a vampire knight
   973 | D        | Reached skill level 17 in Stealth
   973 | D        | Reached XP level 9. HP: 48/62 MP: 9/9
   988 | D        | Killed a flayed ghost
   989 | D        | Reached skill level 18 in Stealth
  1223 | D        | Noticed a red devil
  1283 | D        | Killed a red devil
  1284 | D        | Reached skill level 1 in Long Blades
  1284 | D        | Reached XP level 10. HP: 20/67 MP: 10/10
  1522 | D        | Noticed a deep elf pyromancer
  1530 | D        | Noticed an orc sorcerer
  1547 | D        | Killed an orc sorcerer
  1548 | D        | Reached skill level 10 in Fighting
  1599 | D        | Reached skill level 19 in Stealth
  1732 | D        | Killed a deep elf pyromancer
  1787 | D        | Paralysed by a hornet for 3 turns
  1887 | D        | Noticed an ice devil
  1890 | D        | Killed an ice devil
  1941 | D        | Bought the ring of the Tortoise {AC+8} for 1664 gold pieces
  1941 | D        | Found the ring of the Tortoise {AC+8}
  2061 | D        | Noticed Erolcha
  2061 | D        | Noticed a gargoyle
  2063 | D        | Killed a gargoyle
  2066 | D        | Noticed a phantasmal warrior
  2067 | D        | Killed Erolcha
  2068 | D        | Reached skill level 5 in Long Blades
  2068 | D        | Reached XP level 11. HP: 74/74 MP: 11/11
  2069 | D        | Reached skill level 20 in Stealth
  2078 | D        | Killed a phantasmal warrior
  2573 | D        | Bought a scroll of magic mapping for 52 gold pieces
  2617 | D        | Noticed an orc knight
  2770 | D        | Reached skill level 1 in Evocations
  2971 | D        | Killed an orc knight
  3145 | D        | Reached skill level 21 in Stealth
  3230 | D        | Bought a scroll of identify for 30 gold pieces
  3272 | D        | Noticed a merfolk avatar
  3276 | D        | Killed a merfolk avatar
  3289 | D        | Noticed an elephant
  3290 | D        | Noticed a swamp dragon
  3614 | D        | Bought the amulet of Vitality {Regen+ HP+15} for 1027 gold
                  | pieces
  3614 | D        | Found the amulet of Vitality {Regen+ HP+15}
  3687 | D        | Killed an elephant
  3688 | D        | Reached skill level 1 in Armour
  3707 | D        | Killed a swamp dragon
  3708 | D        | Reached XP level 12. HP: 64/84 MP: 12/12
  3814 | D        | Reached skill level 22 in Stealth
  3875 | D        | Bought a jewelled long sword for 306 gold pieces
  3875 | D        | Identified the +1 long sword of Hard Scrabble {vorpal,
                  | Str+7} (You bought it in a shop in the Dungeon)
  3891 | D        | Noticed Urug
  3944 | D        | Killed Urug
  3945 | D        | Reached skill level 5 in Armour
  3974 | D        | Noticed a swamp dragon
  3992 | D        | Killed a swamp dragon
  4110 | D        | Found the +9 heavy crossbow "Sniper" {vorpal, Acc+∞ SInv}
  4163 | D        | Bought a glowing scimitar for 252 gold pieces
  4238 | D        | Noticed a nagaraja
  4238 | D        | Noticed a green draconian
  4239 | D        | Noticed Donald
  4239 | D        | Noticed a skeletal warrior
  4239 | D        | Noticed a flayed ghost
  4239 | D        | Noticed Sonja
  4271 | D        | Reached skill level 5 in Evocations
  4377 | D        | Noticed an alligator snapping turtle
  4430 | D        | Killed an alligator snapping turtle
  4463 | D        | Killed a nagaraja
  4564 | D        | Killed Sonja
  4576 | D        | Reached skill level 10 in Evocations
  4604 | D        | Learned a level 3 spell: Lesser Beckoning
  4608 | D        | Learned a level 3 spell: Tukima's Dance
  4611 | D        | Learned a level 2 spell: Ensorcelled Hibernation
  4615 | D        | Learned a level 3 spell: Frozen Ramparts
  4632 | D        | Killed a flayed ghost
  4633 | D        | Reached skill level 1 in Spellcasting
  4633 | D        | Reached skill level 1 in Hexes
  4633 | D        | Reached skill level 1 in Translocations
  4633 | D        | Reached skill level 1 in Ice Magic
  4656 | D        | Noticed a skeletal warrior
  4659 | D        | Noticed a skeletal warrior
  4693 | D        | Killed a skeletal warrior
  4703 | D        | Killed a skeletal warrior
  4711 | D        | Killed a skeletal warrior
  4712 | D        | Reached XP level 13. HP: 62/88 MP: 15/17
  4724 | D        | Noticed a death cob
  4769 | D        | Killed Donald
  4844 | D        | Bought a distressingly furry cloak for 180 gold pieces
  4844 | D        | Identified the +2 cloak of the Equator {rPois} (You bought
                  | it in a shop in the Dungeon)
  4854 | D        | Bought a shiny helmet for 142 gold pieces
  4859 | D        | Bought a crude chain mail for 180 gold pieces
  4859 | D        | Identified the +0 chain mail of the Unbroken {+Blink rC++
                  | Slay-4} (You bought it in a shop in the Dungeon)
  4893 | D        | Killed a green draconian
  4952 | D        | Reached skill level 5 in Spellcasting
  4952 | D        | Reached skill level 5 in Hexes
  4952 | D        | Reached skill level 5 in Translocations
  4952 | D        | Reached skill level 5 in Ice Magic
  4967 | D        | Noticed an eidolon
  5136 | D        | Noticed a fire dragon
  5136 | D        | Noticed an eidolon
  5162 | D        | Paralysed by an air elemental for 1 turns
  5165 | D        | Reached skill level 10 in Armour
  5279 | D        | Killed an eidolon
  5634 | D        | Killed an eidolon
  5821 | D        | Killed a fire dragon
  5913 | D        | Bought the +1 pair of gloves "Yplyutu" {Int+2 SInv Stlth+}
                  | for 332 gold pieces
  5913 | D        | Bought a +0 pair of boots of rampaging for 138 gold pieces
  5935 | D        | Killed a death cob
  5936 | D        | Reached skill level 10 in Long Blades
  5972 | D        | Noticed a rakshasa
  5975 | D        | Killed a rakshasa
  5976 | D        | Reached XP level 14. HP: 94/94 MP: 24/24
  6101 | D        | Reached skill level 1 in Shields
  6194 | D        | Noticed an orc warlord
  6194 | D        | Noticed an orc warlord
  6321 | D        | Noticed a ghost moth
  6380 | D        | Reached skill level 5 in Shields
  6782 | D        | Killed a ghost moth
  6796 | D        | HP: 1/109 [orc warlord (32)]
  6836 | D        | Killed an orc warlord
  6837 | D        | Reached skill level 10 in Shields
  7066 | D        | Killed from afar by a green death

Illustrated notes

Levels and vault maps discovered:
D:        pitsprint [storerooms_1, entrance_room_1, metal_vault_4, armoury_3,
          mini_pit_1, grid_room_1, main_hall_1, silver_pit, the_coven_1,
          the_vestibule_1, steel_vault_5, golden_pit, hallway_of_sentries,
          crystal_vault_5, iron_vault_2, final_vault]

Skill      XL: |  1  2  3  4  5  6  7  8  9 10 11 12 13 14 |
---------------+-------------------------------------------+-----
Short Blades   | 4 7 9 12 13 | 13.9
Stealth        | 6 9 12 14 17 18 19 21 22 | 22.7
Throwing       | 4 5 6 |  6.3
Fighting       | 5 6 8 9 11 13 | 13.2
Dodging        | 5 6 8 10 12 14 | 14.1
Long Blades    | 1 5 7 11 12 | 12.9
Evocations     | 4 10 | 10.0
Armour         | 3 9 10 | 10.5
Spellcasting   | 3 7 |  7.2
Hexes          | 3 7 |  7.2
Translocations | 3 7 |  7.1
Ice Magic      | 3 7 |  7.2
Shields        | 11 | 11.8

Action                   |  1- 3 |  4- 6 |  7- 9 | 10-12 | 13-15 || total
-------------------------+-------+-------+-------+-------+-------++-------
Melee: Dagger            |    18 |    31 |    50 |    11 |       ||   110
       Rapier            |       |       |     1 |   224 |   191 ||   416
       Long sword        |       |       |    18 |    24 |       ||    42
       Scimitar          |       |       |       |    90 |   317 ||   407
Throw: Dart              |     1 |     9 |    11 |    39 |    26 ||    86
       Boomerang         |       |       |       |       |     7 ||     7
 Cast: Tukima's Dance    |       |       |       |       |     2 ||     2
       Lesser Beckoning  |       |       |       |       |     1 ||     1
Invok: Call Merchant     |       |       |       |     3 |     2 ||     5
       Potion Petition   |       |       |       |       |     3 ||     3
Evoke: Wand              |       |       |       |     7 |     3 ||    10
       Box of beasts     |       |       |       |       |     1 ||     1
       Phial of floods   |       |       |       |       |     1 ||     1
  Use: Potion            |       |     3 |     7 |    11 |     4 ||    25
       Scroll            |       |       |       |     6 |     2 ||     8
 Stab: Sleeping          |     7 |     1 |     5 |     8 |    11 ||    32
       Distracted        |       |       |     3 |     7 |     4 ||    14
       Invisible         |       |       |     3 |     1 |       ||     4
Armor: Robe              |       |     4 |     4 |     8 |       ||    16
       Ring mail         |       |       |       |    52 |   142 ||   194
Dodge: Dodged            |     4 |    12 |    42 |   241 |   442 ||   741
       Repelled          |       |       |       |       |     5 ||     5
Block: Kite shield       |       |       |       |       |     8 ||     8
       Rpst.: Long sword |       |       |     1 |     6 |       ||     7
       Scimitar          |       |       |       |    10 |    66 ||    76

Table legend: (Time is in decaauts)
 A = Elapsed time spent in this place.
 B = Non-inter-level travel time spent in this place.
 C = Inter-level travel time spent in this place.
 D = Time resting spent in this place.
 E = Time spent auto-exploring this place.
 F = Levels seen in this place.
 G = Mean time per level.
                   A        B        C        D        E       F      G
               +--------+--------+--------+--------+--------+-----+--------+
         Total |   6708 |   6530 |    178 |   2625 |      0 |   1 | 6708.0 |
       Dungeon |   6708 |   6530 |    178 |   2625 |      0 |   1 | 6708.0 |
               +--------+--------+--------+--------+--------+-----+--------+

Top non-repeatable levels by time:
       D: 6708 daAuts
